 Dungeon Crawl Stone Soup version 0.30-a0-857-gcaf70739d4 (webtiles) character file.

Game seed: 14842991521981644873

2681053 oldriver the Conqueror (level 27, 273/273 HPs)
             Began as a Meteoran Hunter on Mar 5, 2023.
             Was the Champion of Nemelex Xobeh.
             Escaped with the Orb
             ... and 3 runes!
             The game lasted 03:10:50 (30016 turns).

oldriver the Conqueror (Meteoran Hunter)           Turns: 30016, Time: 03:10:51

Health: 273/273    AC: 35    Str: 12    XL:     27
Magic:  35/35      EV: 47    Int: 18    God:    Nemelex Xobeh [******]
Gold:   2008       SH:  0    Dex: 38    Spells: 26/26 levels left

rFire   + . .      SeeInvis +    G - +4 longbow (flame)
rCold   + . .      Faith    .    (shield currently unavailable)
rNeg    + . .      Spirit   .    m - +5 faerie dragon scales {rElec rN+ Will- rCorr}
rPois   +          Reflect  .    I - +0 helmet {Int+3}
rElec   +          Rampage  +    K - +0 cloak {Will+}
rCorr   +                        x - +2 pair of gloves
Will    +++..                    s - +3 pair of boots "Ynuew" {Rampage rPois Dex+7 Stlth+}
Stlth   +                        E - amulet of Hoim {rElec Regen+}
HPRegen 1.45/turn                e - ring of the Distant Future {rF+ rC++ AC+4 Slay-5 Stlth+}
MPRegen 0.24/turn                X - ring of see invisible

@: glowing
A: sense surroundings 3, otherworldly, glowing, explore regen, clever 1, low MP
1, passive freeze, weak 1, cold vulnerability 1, noise suppression
0: Orb of Zot
}: 3/15 runes: barnacled, silver, gossamer
a: Renounce Religion, Draw Escape, Draw Destruction, Draw Summoning, Draw Stack,
Triple Draw, Deal Four, Stack Five


You escaped.
You worshipped Nemelex Xobeh.
Nemelex Xobeh was exalted by your worship.
You visited 11 branches of the dungeon, and saw 51 of its levels.
You also visited: Wizlab and Desolation.

You collected 4116 gold pieces.
You spent 2108 gold pieces at shops.

Inventory:

Hand Weapons
 G - a +4 longbow of flaming (weapon)
 M - the +11 mace "Issol" {freeze, Fly rN++ Str-5 Int+3}
   (You found it on level 3 of the Spider Nest)

   Str:       It affects your strength (-5).
   Int:       It affects your intelligence (+3).
   rN:        It greatly protects you from negative energy.
   Fly:       It grants you flight.
Missiles
 U - 2 throwing nets
Armour
 g - the +2 shield of Resistance {rF++ rC++ Will++}
   (You found it in the Desolation of Salt)

   rF:        It greatly protects you from fire.
   rC:        It greatly protects you from cold.
   Will:      It greatly increases your willpower.
 m - the +5 faerie dragon scales (worn) {rElec rN+ Will- rCorr}
   (You found it on level 1 of the Depths)

   rElec:     It insulates you from electricity.
   rN:        It protects you from negative energy.
   rCorr:     It protects you from acid and corrosion.
   Will:      It decreases your willpower.
 s - the +3 pair of boots "Ynuew" (worn) {Rampage rPois Dex+7 Stlth+}
   (You bought it in a shop on level 6 of the Dungeon)

   Dex:       It affects your dexterity (+7).
   rPois:     It protects you from poison.
   Rampage:   It bestows one free step when moving towards enemies.
   Stlth:     It makes you more stealthy.
 w - the +10 ice dragon scales of Xumaq {rElec rF- rC++ Str+4 Int-4}
   (You found it in the Desolation of Salt)

   Str:       It affects your strength (+4).
   Int:       It affects your intelligence (-4).
   rF:        It makes you vulnerable to fire.
   rC:        It greatly protects you from cold.
   rElec:     It insulates you from electricity.
 x - a +2 pair of gloves (worn)
 A - a +1 cloak of preservation
 I - a +0 helmet of intelligence (worn)
 K - a +0 cloak of willpower (worn)
Jewellery
 a - a ring of protection from cold
 e - the ring of the Distant Future (left hand) {rF+ rC++ AC+4 Slay-5 Stlth+}
   (You found it in the Desolation of Salt)

   [ring of protection]

   AC:        It affects your AC (+4).
   Slay:      It affects your accuracy & damage with ranged weapons and melee
   (-5).
   rF:        It protects you from fire.
   rC:        It greatly protects you from cold.
   Stlth:     It makes you more stealthy.
 i - a ring of flight
 j - a ring of positive energy
 p - a +6 ring of dexterity
 E - the amulet of Hoim (around neck) {rElec Regen+}
   (You acquired it on level 2 of the Spider Nest)

   [amulet of regeneration]

   rElec:     It insulates you from electricity.
   Regen:     It increases your rate of health regeneration.
 L - a ring of fire
 T - a ring of resist corrosion
 X - a ring of see invisible (right hand)
 Y - a ring of willpower
Wands
 q - a wand of iceblast (31)
 y - a wand of light (28)
 H - a wand of flame (14)
 Q - a wand of charming (23)
 Z - a wand of mindburst (22)
Scrolls
 f - 14 scrolls of teleportation
 r - 3 scrolls of blinking
 v - 5 scrolls of fog
 D - 2 scrolls of amnesia
 N - 7 scrolls of fear
 O - 2 scrolls of poison
Potions
 c - 7 potions of magic
 d - 3 potions of flight
 h - 4 potions of heal wounds
 l - a potion of brilliance
 o - 2 potions of cancellation
 u - 13 potions of curing
 P - a potion of haste
 R - a potion of mutation
 S - a potion of berserk rage
 W - 2 potions of might
Miscellaneous
 b - a tin of tremorstones (2/2)
 k - a phial of floods
 z - a lightning rod (4/4)
 C - a condenser vane
 F - a box of beasts
 V - a phantom mirror (inert)


   Skills:
 O Level 27 Fighting
 - Level 18.0 Ranged Weapons
 + Level 26.0 Armour
 - Level 26.0 Dodging
 - Level 0.6 Stealth
 - Level 22.0 Invocations
 - Level 12.0 Evocations


You had 26 spell levels left.
You didn't know any spells.
Your spell library contained the following spells:

 Spells                   Type           Power      Damage    Failure   Level
 Apportation              Tloc           0%         N/A       26%         1
 Beastly Appendage        Tmut           0%         N/A       26%         1
 Freeze                   Ice            0%         1d3       26%         1
 Magic Dart               Conj           0%         1d3       26%         1
 Necrotise                Necr           0%         1d4       26%         1
 Sting                    Tmut/Pois      0%         1d3       26%         1
 Summon Small Mammal      Summ           0%         N/A       26%         1
 Call Imp                 Summ           0%         N/A       36%         2
 Cigotuvi's Dreadful Rot  Necr/Pois/Air  0%         N/A       36%         2
 Ensorcelled Hibernation  Hex/Ice        0%         N/A       36%         2
 Lesser Beckoning         Tloc           0%         N/A       36%         2
 Momentum Strike          Conj/Tloc      0%         3d8       36%         2
 Passwall                 Tmut/Erth      0%         N/A       36%         2
 Poisonous Vapours        Pois/Air       0%         N/A       36%         2
 Searing Ray              Conj           0%         2d4       36%         2
 Wereblood                Tmut           0%         N/A       36%         2
 Frozen Ramparts          Ice            0%         1d1       61%         3
 Gell's Gravitas          Tloc           0%         N/A       61%         3
 Hailstorm                Conj/Ice       0%         3d3       61%         3
 Mephitic Cloud           Conj/Pois/Air  0%         N/A       61%         3
 Ozocubu's Armour         Ice            0%         N/A       61%         3
 Portal Projectile        Hex/Tloc       0%         N/A       61%         3
 Spider Form              Tmut/Pois      0%         N/A       61%         3
 Swiftness                Air            0%         N/A       61%         3
 Teleport Other           Tloc           0%         N/A       61%         3
 Vhi's Electric Charge    Tloc/Air       0%         N/A       61%         3
 Animate Armour           Summ/Erth      0%         N/A       95%         4
 Animate Dead             Necr           0%         N/A       95%         4
 Dispel Undead            Necr           0%         3d6       95%         4
 Fulminant Prism          Conj/Hex       0%         3d5       95%         4
 Ice Form                 Ice/Tmut       0%         N/A       95%         4
 Iskenderun's Mystic Bla  Conj/Tloc      0%         2d3       95%         4
 Passage of Golubria      Tloc           0%         N/A       95%         4
 Summon Lightning Spire   Summ/Air       0%         N/A       95%         4
 Alistair's Intoxication  Tmut/Pois      0%         N/A       100%        5
 Blade Hands              Tmut           0%         N/A       100%        5
 Borgnjor's Vile Clutch   Necr/Erth      0%         N/A       100%        5
 Fireball                 Conj/Fire      0%         3d3       100%        5
 Freezing Cloud           Conj/Ice/Air   0%         6-21      100%        5
 Lee's Rapid Deconstruct  Erth           0%         3d4*      100%        5
 Metabolic Englaciation   Hex/Ice        0%         N/A       100%        5
 Summon Forest            Summ/Tloc      0%         N/A       100%        5
 Summon Mana Viper        Hex/Summ       0%         N/A       100%        5
 Yara's Violent Unravell  Hex/Tmut       0%         3d3       100%        5
 Conjure Ball Lightning   Conj/Air       0%         3x3d6     100%        6
 Death Channel            Necr           0%         N/A       100%        6
 Dispersal                Tloc           0%         N/A       100%        6
 Iron Shot                Conj/Erth      0%         9d1       100%        6
 Simulacrum               Ice/Necr       0%         N/A       100%        6
 Summon Cactus Giant      Summ           0%         N/A       100%        6
 Enfeeble                 Hex            0%         N/A       100%        7
 Haunt                    Necr/Summ      0%         N/A       100%        7
 Orb of Destruction       Conj           0%         9d5       100%        7
 Ozocubu's Refrigeration  Ice            0%         4d7       100%        7
 Spellforged Servitor     Conj/Summ      0%         N/A       100%        7
 Storm Form               Tmut/Air       0%         N/A       100%        7
 Discord                  Hex            0%         N/A       100%        8
 Disjunction              Tloc           0%         N/A       100%        8
 Lehudib's Crystal Spear  Conj/Erth      0%         10d2      100%        8
 Maxwell's Capacitive Co  Air            0%         ∞         100%        8
 Polar Vortex             Ice            0%         N/A       100%        9


Dungeon Overview and Level Annotations

Branches:
Dungeon (15/15)            Temple (1/1) D:4            Lair (5/5) D:10
 Shoals (4/4) Lair:3       Spider (4/4) Lair:2        Slime (0/5) Lair:5
    Orc (2/2) D:9             Elf (3/3) Orc:2        Vaults (5/5) D:14
  Crypt (3/3) Vaults:3       Tomb (0/3) Crypt:3      Depths (4/4) D:15
    Zot (5/5) Depths:4     WizLab (visited)         Desolation (visited)

Altars:
Ashenzari
Dithmenos
Elyvilon
Fedhas
Gozag
Hepliaklqana
Kikubaaqudgha
Makhleb
Nemelex Xobeh
Ru
Sif Muna
Trog
Uskayaw
Vehumet
Wu Jian
Xom
Yredelemnul
Zin
The Shining One
Jiyva

Shops:
D:1 !   D:6 **(=   D:8 *   D:15 !   Orc:2 *([:=   Elf:1 :   Elf:3 (
Shoals:3 ::[(   Vaults:1 ?   Depths:2 ((   Depths:4 =::

Portals:
Hell: Depths:1 Depths:3 Depths:4
Pandemonium: Depths:1 Depths:2
Ziggurat: Depths:3

Annotations:
D:8 3 runed translucent doors, Darius099's ghost, novice MiFi; Darkkill's ghost, novice MiHu; zenocrate's ghost, novice OpTm
Orc:2 3 runed translucent doors, patfeehan111222's ghost, journeyman MiBe
Elf:2 3 runed translucent doors
Crypt:3 Saint Roka
Zot:1 1 transporter
Zot:5 1 runed translucent door, Zenkrye's ghost, veteran HuCA


Innate Abilities, Weirdness & Mutations

You passively map a large area around you.
You are easily found by Zot.
You glow in the dark.
You regain HP and MP as you explore.
Your mind is acute. (Int +4, Str/Dex -1)
Your magical capacity is low. (-10% MP)
A frigid envelope surrounds you and freezes all who hurt you.
You are weak. (Str -2)
You are vulnerable to cold. (rC-)
You passively dampen the noise of your surroundings.


Message History

You climb downwards.
There is a stone staircase leading up here.
Fire: G) +4 longbow (flame)
Press: ? - help, Shift-Dir - straight line, f - Hell Sentinel
Aim: a Hell Sentinel (moderately wounded, 92% to hit)
You shoot an arrow.
The arrow completely misses the Hell Sentinel.
Fire: G) +4 longbow (flame)
Press: ? - help, Shift-Dir - straight line, f/p - Hell Sentinel
Aim: a Hell Sentinel (moderately wounded, 92% to hit)
You shoot an arrow. The arrow hits the Hell Sentinel!!!
The Hell Sentinel is heavily wounded.
You shoot an arrow. The arrow hits the Hell Sentinel!!
The Hell Sentinel is severely wounded.
The Hell Sentinel misses you.
The Hell Sentinel hits you but does no damage.
The Hell Sentinel completely resists.
You shoot an arrow. The arrow hits the Hell Sentinel!
The Hell Sentinel is severely wounded.
The Hell Sentinel completely misses you. x2
You shoot an arrow. The arrow hits the Hell Sentinel!!
The Hell Sentinel is almost dead.
The Hell Sentinel hits you!
The Hell Sentinel completely resists.
The Hell Sentinel completely misses you.
You shoot an arrow.
The arrow hits the Hell Sentinel but does no damage.
The Hell Sentinel is almost dead.
You shoot an arrow. The arrow hits the Hell Sentinel!
You kill the Hell Sentinel!
Your Armour skill increases to level 26!
Why would you want to do that?
There is a stone staircase leading up here.
You climb upwards.
There is a stone staircase leading down here.
There is a stone staircase leading up, spattered with blood here.
You climb upwards.
There is a stone staircase leading down here.
There is an open door here.
There is a staircase leading out of the dungeon here.
You have escaped!

#
~#....#####.#.####.#####
#.# ###+# #....#
#.#....#.#...# #.# ....#
#....# #.#......#.#.#
#.# ##### #....#
##.##.#.....#.# #.# #
#....#
#...#.#.#.#...###.# #
#....#
#...#...#.#........ #
######
##...##..#.######### #
#.....#..#.# #..... #
#..@..#..#.####.####
#### #.....#..#......# #
...#
##.).##..###########
...# #...#.. ,..## ...#
#...#.#, ** #.## ...#
##.##.# , , ,#.## ...#
#.#..## * * #.##
...####### #.#... , ,,
,#.## .........#
#####.#.###########...


There were no monsters in sight!

Vanquished Creatures
  2 dread liches (Zot:5)
  4 orbs of fire
  An ancient lich (Vaults:5)
  A Killer Klown (Zot:4)
  Bai Suzhen (Spider:3)
  A curse toe (Zot:4)
  Nikola (Depths:1)
  8 golden dragons
  A profane servitor (Crypt:1)
  An iron giant (Vaults:5)
  7 tentacled monstrosities
  A Hell Sentinel (D:3)
  2 electric golems
  9 Orb Guardians
  Rupert (D:14)
  A walking earthen tome (Depths:2)
  An Ice Fiend (D:10)
  3 liches
  6 titans
  3 tentacled starspawn (WizLab)
  2 ancient champions
  9 sphinxes
  2 quicksilver dragons
  An Executioner (D:14)
  Frances (Spider:1)
  4 death cobs
  Kirke (Lair:4)
  3 shadow dragons
  7 tengu reavers
  4 draconian monks
  Ilsuiw (Shoals:3)
  11 storm dragons
  4 fire giants
  A pandemonium lord (Zot:3)
  A rockslime (Zot:5)
  2 daevas
  2 revenants (Crypt:3)
  4 imperial myrmidons (Desolation)
  An emperor scorpion (Spider:4)
  2 iron dragons
  16 vault wardens
  8 frost giants
  2 draconian knights
  A balrug (Depths:2)
  2 deep elf sorcerers
  2 draconian scorchers
  2 curse skulls
  4 ghouls
  5 draconian shifters
  11 ironbound preservers
  5 ghost moths
  2 draconian stormcallers (Zot:4)
  3 orc warlords
  2 spriggan defenders
  2 broodmothers
  2 war gargoyles
  3 draconian annihilators
  2 quicksilver oozes
  17 very ugly things
  2 caustic shrike skeletons
  A reaper (Crypt:2)
  4 juggernaut skeletons
  A deep elf demonologist (Elf:1)
  5 ironbound thunderhulks
  Nessos (D:14)
  11 stone giants
  10 spark wasps
  3 vampire knights
  An eleionoma (Depths:2)
  2 lorocyprocas
  2 deep elf annihilators
  4 green draconians
  Azrael (D:14)
  7 purple draconians
  3 red draconians
  14 dire elephants
  6 white draconians
  6 yellow draconians
  7 black draconians
  3 eidola (D:14)
  3 blizzard demons
  2 merfolk javelineers
  An ettin (shapeshifter) (Vaults:5)
  A green death (Zot:2)
  3 crystal guardians
  A deep elf death mage (Crypt:1)
  8 ettins
  12 jiangshi
  2 pearl dragon zombies (Crypt:1)
  A quicksilver dragon zombie (Crypt:1)
  6 ragged hierophants (Desolation)
  10 yaktaur captains
  3 great orbs of eyes
  2 entropy weavers
  6 merfolk impalers
  29 vault guards
  2 fire dragons
  6 rakshasas
  9 servants of whispers (Desolation)
  5 ice dragons
  5 hydras
  A hell beast (D:5)
  3 catoblepae
  3 peacekeepers
  2 ironbound frosthearts
  A caustic shrike simulacrum (Crypt:2)
  A death knight (Crypt:1)
  2 jorogumos (Spider:3)
  A radroach (Spider:2)
  A spriggan air mage (Depths:1)
  3 merfolk avatars
  A satyr (Shoals:4)
  Erica (Orc:1)
  2 ogre magi
  6 two-headed ogres
  4 merfolk aquamancers
  A two-headed ogre (shapeshifter) (Depths:3)
  12 centaur warriors
  8 dancing weapons
  5 boulder beetles
  A death scarab (Spider:3)
  9 tengu warriors
  5 death yaks
  11 deep troll earth magi
  5 deep troll shamans
  Urug (D:14)
  6 hell hogs
  2 orc high priests
  5 vampire magi
  A thrashing horror (WizLab)
  11 hell knights
  3 soul eaters
  14 deep elf knights
  2 spriggan berserkers (Depths:2)
  4 titan skeletons
  3 skysharks
  2 sixfirhies
  A sun moth (Spider:3)
  9 iron trolls
  A shadow wraith (WizLab)
  A storm dragon skeleton (Depths:2)
  2 pharaoh ants (Spider:3)
  A bunyip zombie (Crypt:1)
  7 flayed ghosts
  17 sea snakes
  24 skeletal warriors
  2 deep elf archers
  2 bog bodies (Crypt:1)
  12 orb spiders
  39 deep trolls
  13 ironbound convokers
  5 steelbarb worms
  A glowing orange brain (D:15)
  A tengu zombie (Vaults:2)
  12 orc knights
  6 wizards
  24 harpies
  6 necromancers
  2 golden dragon skeletons (Depths:2)
  12 phantasmal warriors
  A shadow dragon skeleton (Depths:2)
  17 deep elf pyromancers
  21 deep elf zephyrmancers
  A mana viper (WizLab)
  16 wolf spiders
  A cyclops (shapeshifter) (Vaults:5)
  9 cyclopes
  A faun (shapeshifter) (Vaults:5)
  5 orc sorcerers
  2 shining eyes (Spider:1)
  2 sphinx skeletons
  37 ugly things
  A glowing shapeshifter (Vaults:5)
  A large abomination (D:9)
  8 fauns
  2 worldbinders (WizLab)
  2 stone giant skeletons
  19 manticores
  4 apis skeletons (Crypt:1)
  13 moths of wrath
  19 elephants
  2 guardian serpents (Desolation)
  2 fire giant skeletons (Depths:2)
  Joseph (D:7)
  13 merfolk sirens
  8 torpor snails
  8 water nymphs
  2 gargoyles
  9 vault sentinels
  4 black mambas
  15 cane toads
  A frost giant skeleton (Depths:2)
  3 centaur zombies
  7 demonic crawlers
  3 smoke demons
  An orange demon (WizLab)
  An apocalypse crab (Spider:1)
  A hellion (D:9)
  2 elf skeletons (Vaults:1)
  A dire elephant skeleton (Crypt:1)
  A freezing wraith (Crypt:1)
  6 centaur skeletons (D:14)
  A rime drake (Lair:1)
  3 unseen horrors
  32 yaktaurs
  7 komodo dragons
  A red draconian skeleton (Crypt:2)
  2 guardian mummies (Crypt:1)
  A kobold demonologist (D:11)
  An efreet (D:15)
  4 tengu conjurers
  2 harpy zombies
  An ice devil (D:2)
  A tyrant leech (shapeshifter) (Elf:2)
  A troll (shapeshifter) (D:15)
  A polar bear (shapeshifter) (D:14)
  An iron troll skeleton (Crypt:1)
  2 red devils
  26 merfolk
  5 polar bears
  9 wind drakes
  A white draconian skeleton (Crypt:3)
  A hellwing (WizLab)
  3 meliai (Spider:4)
  2 spectral guardian serpents (Crypt:2)
  8 hornets
  2 hydra skeletons
  4 trolls
  48 saltlings (Desolation)
  A hornet (shapeshifter) (D:15)
  A harpy skeleton (Crypt:1)
  11 snapping turtles
  A raiju (Lair:4)
  22 tarantellas
  Prince Ribbit (D:7)
  A snapping turtle (shapeshifter) (D:15)
  29 blink frogs
  2 ettin zombies
  22 jumping spiders
  9 dream sheep
  5 slime creatures
  A wyvern (shapeshifter) (Depths:2)
  28 culicivoras
  A fire dragon skeleton (WizLab)
  An ettin skeleton (Crypt:1)
  A guardian serpent skeleton (Crypt:1)
  13 spriggans
  8 flying skulls
  A spriggan (shapeshifter) (D:13)
  10 water elementals
  4 air elementals
  A spriggan skeleton (Depths:2)
  A ynoxinul (D:11)
  88 yaks
  5 wraiths
  4 wyverns
  A vampire (D:11)
  4 hogs (Lair:4)
  2 basilisks
  5 fire elementals
  Grum (D:8)
  2 steam dragons
  6 golden eyes (D:2)
  16 humans
  A redback (shapeshifter) (D:13)
  69 redbacks
  A harpy simulacrum (Crypt:2)
  4 vampire mosquitoes (D:12)
  4 spatial vortices (WizLab)
  A glowing shapeshifter zombie (Vaults:2)
  2 acid dragons
  A naga zombie (Crypt:2)
  Duvessa (D:7)
  8 wargs
  2 hell hounds (D:14)
  17 water moccasins
  A two-headed ogre skeleton (Crypt:2)
  28 orc warriors
  A sky beast (Lair:3)
  2 ice beasts (D:7)
  6 black bears
  An ettin simulacrum (Crypt:1)
  11 ogres
  A boggart (shapeshifter) (Lair:1)
  33 wolves
  11 boggarts
  9 centaurs
  A dream sheep skeleton (Crypt:1)
  A phantom (D:5)
  3 kobold brigands
  8 bullfrogs
  6 human skeletons
  3 two-headed ogre simulacra (D:13)
  An earth elemental (Elf:2)
  A gnoll sergeant (D:9)
  2 necrophages
  2 small abominations
  A scorpion (D:7)
  A warg zombie (Crypt:2)
  29 wights
  2 killer bees (Spider:2)
  A shapeshifter zombie (Crypt:2)
  Dowan (D:7)
  4 electric eels
  5 howler monkeys
  A hound (D:4)
  A human zombie (Crypt:1)
  12 orc priests
  A gnoll bouda (D:9)
  7 jellies
  Jessica (D:2)
  2 iguanas
  A spriggan simulacrum (D:13)
  19 orc wizards
  A troll simulacrum (D:13)
  2 wolf simulacra (D:13)
  An ogre zombie (Crypt:2)
  An ogre skeleton (Crypt:1)
  4 mummies
  10 gnolls
  A naga simulacrum (D:13)
  7 adders
  A swamp drake zombie (Crypt:2)
  2 white imps
  An ufetubus (D:5)
  An iguana zombie (Crypt:1)
  A worm (D:4)
  2 dart slugs (D:3)
  47 orcs
  8 endoplasms
  4 giant cockroaches
  9 goblins
  3 hobgoblins
  4 jackals (D:2)
  3 quokkas (D:2)
  5 ball pythons
  4 bats
  2 frilled lizards
  A giant cockroach zombie (Crypt:2)
  A gnoll skeleton (Crypt:3)
  22 kobolds
  An orc skeleton (Crypt:2)
  5 rats
  A river rat zombie (Crypt:2)
  A butterfly (D:3)
  A starspawn tentacle (WizLab)
2004 creatures vanquished.

Vanquished Creatures (collateral kills)
  2 orbs of fire
  An ancient lich (Zot:5)
  Khufu (Crypt:3)
  A dread lich (Vaults:5)
  Margery (Crypt:1)
  Jorgrun (Shoals:3)
  An Orb Guardian (Zot:5)
  Donald (Spider:3)
  A frost giant (Depths:2)
  2 emperor scorpions
  A revenant (Crypt:3)
  3 spark wasps
  A yaktaur captain (Vaults:5)
  A rakshasa (Depths:2)
  A fire dragon (D:14)
  A hydra (Lair:5)
  A jorogumo (Shoals:4)
  A satyr (Shoals:3)
  A death yak (Lair:5)
  A skyshark (Shoals:3)
  A steelbarb worm (Shoals:4)
  3 harpies (Shoals:3)
  A wolf spider (Spider:2)
  A manticore (Shoals:4)
  5 fauns (Shoals:3)
  3 merfolk sirens
  An elephant (Lair:5)
  A demonic crawler (Spider:1)
  A yaktaur (Vaults:5)
  5 merfolk (Shoals:4)
  A queen bee (Spider:2)
  3 meliai (Spider:2)
  A wind drake (Shoals:3)
  A tyrant leech (Shoals:4)
  A dream sheep (Shoals:4)
  3 snapping turtles
  3 jumping spiders
  A water elemental (Shoals:3)
  A culicivora (Spider:1)
  3 yaks (Lair:5)
  A human (D:14)
  2 redbacks (Spider:1)
  A warg (Orc:2)
  An ogre (Orc:2)
  A gnoll sergeant (D:7)
  10 killer bees (Spider:2)
  An iron imp (Zot:3)
  3 gnolls (D:7)
  An orc (D:7)
  A kobold (D:11)
86 creatures vanquished.

Vanquished Creatures (others)
  2 vault guards (Vaults:5)
  A yaktaur captain (Vaults:5)
  A deep troll earth mage (Depths:1)
  2 deep elf knights (Elf:2)
  A deep elf zephyrmancer (Elf:1)
  A hornet (Spider:4)
  A gnoll (D:7)
  42 fungi
  46 plants
  6 starspawn tentacles (WizLab)
  3 withered plants (D:8)
106 creatures vanquished.

Grand Total: 2196 creatures vanquished

Notes
Turn   | Place    | Note
-------+----------+-------------------------------------------
     0 | D:1      | oldriver the Meteoran Hunter began the quest for the Orb.
     0 | D:1      | Reached XP level 1. HP: 17/17 MP: 2/2
    58 | D:2      | Reached XP level 2. HP: 16/25 MP: 3/3
   100 | D:1      | Found Itaomuf's Distillery.
   240 | D:1      | Reached XP level 3. HP: 30/30 MP: 4/4
   378 | D:1      | Reached skill level 5 in Ranged Weapons
   655 | D:2      | Noticed Jessica
   676 | D:2      | Killed Jessica
   677 | D:2      | Reached skill level 3 in Fighting
   677 | D:2      | Reached XP level 4. HP: 13/38 MP: 5/5
   997 | D:3      | Reached XP level 5. HP: 45/45 MP: 6/6
  1316 | D:4      | Found a hide-covered altar of Uskayaw.
  1316 | D:4      | Found a shadowy altar of Dithmenos.
  1390 | D:4      | Found a staircase to the Ecumenical Temple.
  1408 | Temple   | Entered the Ecumenical Temple
  1417 | Temple   | Became a worshipper of Nemelex Xobeh the Trickster
  1459 | D:4      | Reached XP level 6. HP: 18/52 MP: 7/7
  1529 | D:4      | Found a radiant altar of Vehumet.
  1636 | D:3      | Reached skill level 4 in Fighting
  1828 | D:4      | Noticed an ogre
  1836 | D:4      | Killed an ogre
  1942 | D:4      | Reached XP level 7. HP: 58/60 MP: 8/8
  1976 | D:5      | Entered Level 5 of the Dungeon
  2046 | D:5      | Reached skill level 1 in Armour
  2104 | D:5      | Found a glowing golden altar of the Shining One.
  2254 | D:5      | Reached * piety under Nemelex Xobeh
  2297 | D:5      | Received a gift from Nemelex Xobeh
  2349 | D:6      | Found Batalox's Jewellery Shop.
  2485 | D:5      | Reached XP level 8. HP: 67/67 MP: 9/9
  2617 | D:6      | Reached skill level 5 in Fighting
  2658 | D:6      | Found Tanoy's Assorted Antiques.
  2688 | D:6      | Bought a pair of ancient boots for 237 gold pieces
  2688 | D:6      | Identified the +3 pair of boots "Ynuew" {Rampage rPois
                  | Dex+7 Stlth+} (You bought it in a shop on level 6 of the
                  | Dungeon)
  2701 | D:6      | Found Puriloj's General Store.
  2725 | D:6      | Found Haiwir's Weapon Shoppe.
  2783 | D:6      | Found a sacrificial altar of Ru.
  2827 | D:7      | Noticed Dowan
  2828 | D:7      | Noticed Duvessa
  2867 | D:6      | Reached ** piety under Nemelex Xobeh
  3110 | D:7      | Noticed a steam dragon
  3117 | D:7      | Killed a steam dragon
  3126 | D:7      | Noticed Prince Ribbit
  3130 | D:7      | Killed Prince Ribbit
  3131 | D:7      | Gained mutation: You passively map the area around you.
                  | [Meteoran growth]
  3131 | D:7      | Reached XP level 9. HP: 54/75 MP: 10/10
  3133 | D:7      | Reached skill level 6 in Fighting
  3135 | D:7      | Reached skill level 5 in Dodging
  3166 | D:7      | Reached skill level 1 in Invocations
  3177 | D:7      | Killed Duvessa
  3186 | D:7      | Killed Dowan
  3251 | D:7      | Reached skill level 10 in Ranged Weapons
  3280 | D:7      | Noticed Joseph
  3286 | D:7      | Killed Joseph
  3287 | D:7      | Reached skill level 7 in Fighting
  3287 | D:7      | Reached XP level 10. HP: 76/86 MP: 13/13
  3350 | D:7      | Received a gift from Nemelex Xobeh
  3366 | D:8      | Found a runed translucent gate.
  3366 | D:8      | Found a runed translucent gate.
  3366 | D:8      | Found a runed translucent gate.
  3368 | D:8      | Noticed Grum
  3588 | D:9      | You fall into a shaft and drop 3 floors!
  3628 | D:12     | Noticed a komodo dragon
  3646 | D:12     | Killed a komodo dragon
  3650 | D:12     | Noticed a gargoyle
  3660 | D:12     | Killed a gargoyle
  3698 | D:11     | Noticed a gargoyle
  3700 | D:11     | Killed a gargoyle
  3700 | D:11     | Noticed a two-headed ogre
  3703 | D:11     | Noticed a kobold demonologist
  3706 | D:11     | Noticed a soul eater
  3708 | D:11     | Noticed a cyclops
  3710 | D:12     | Killed a two-headed ogre
  3711 | D:12     | Reached skill level 8 in Fighting
  3713 | D:12     | Received a gift from Nemelex Xobeh
  3722 | D:12     | Noticed a green ugly thing
  3730 | D:12     | Killed a green ugly thing
  3731 | D:12     | Reached XP level 11. HP: 95/95 MP: 15/15
  3897 | D:12     | Noticed a soul eater
  3981 | D:12     | Reached skill level 9 in Fighting
  4006 | D:12     | Noticed a deep elf pyromancer
  4012 | D:12     | Killed a deep elf pyromancer
  4109 | D:11     | Noticed a smoke demon
  4110 | D:11     | Noticed a smoke demon
  4125 | D:11     | Killed a smoke demon
  4136 | D:11     | Killed a smoke demon
  4157 | D:10     | Entered Level 10 of the Dungeon
  4157 | D:10     | Reached *** piety under Nemelex Xobeh
  4230 | D:10     | Found a glowing silver altar of Zin.
  4241 | D:10     | Reached skill level 10 in Fighting
  4335 | D:9      | Received a gift from Nemelex Xobeh
  4448 | D:9      | Reached skill level 5 in Armour
  4551 | D:9      | Reached XP level 12. HP: 83/106 MP: 16/16
  4623 | D:9      | Found a staircase to the Orcish Mines.
  4741 | D:8      | Reached skill level 10 in Dodging
  4827 | D:8      | Killed Grum
  4841 | D:8      | Noticed zenocrate's ghost (novice OpTm)
  4841 | D:8      | Noticed Darkkill's ghost (novice MiHu)
  4841 | D:8      | Noticed Darius099's ghost (novice MiFi)
  4927 | D:8      | Identified the ring "Dykhlutu" {Fire rN+ Str+2}
  4985 | D:8      | Found Wicugim's Demolitions Depot.
  5025 | D:9      | Received a gift from Nemelex Xobeh
  5416 | D:10     | Reached **** piety under Nemelex Xobeh
  5450 | D:10     | Received a gift from Nemelex Xobeh
  5785 | D:11     | Noticed a sixfirhy
  5801 | D:11     | Killed a sixfirhy
  6126 | D:11     | Reached XP level 13. HP: 113/113 MP: 17/17
  6167 | D:11     | Received a gift from Nemelex Xobeh
  6321 | D:10     | Found a staircase to the Lair.
  6340 | Lair:1   | Entered Level 1 of the Lair of Beasts
  6493 | Lair:1   | Identified the +1 dire flail "Kood" {vamp, rElec rF+ Int+3}
  6517 | Lair:1   | Reached ***** piety under Nemelex Xobeh
  6578 | Lair:1   | Received a gift from Nemelex Xobeh
  6590 | Lair:1   | Reached skill level 5 in Invocations
  6700 | Lair:1   | Reached skill level 10 in Armour
  6833 | Lair:2   | Reached skill level 11 in Fighting
  6862 | Lair:2   | Received a gift from Nemelex Xobeh
  6870 | Lair:2   | Found a hole to the Spider Nest.
  6974 | Lair:2   | Received a gift from Nemelex Xobeh
  7173 | Lair:3   | Reached skill level 15 in Ranged Weapons
  7176 | Lair:3   | Received a gift from Nemelex Xobeh
  7275 | Lair:3   | Reached XP level 14. HP: 85/125 MP: 21/21
  7474 | Lair:3   | Reached skill level 12 in Fighting
  7551 | Lair:3   | Found a staircase to the Shoals.
  7609 | Lair:3   | Reached skill level 10 in Invocations
  7755 | Lair:4   | Noticed Kirke
  7762 | Lair:4   | Killed Kirke
  7769 | Lair:4   | Noticed Snorg
  7772 | Lair:4   | Snorg changed into Snorg the raiju
  7772 | Lair:4   | Noticed Snorg
  7775 | Lair:4   | Killed Snorg the raiju
  7780 | Lair:4   | Received a gift from Nemelex Xobeh
  8011 | Lair:5   | Entered Level 5 of the Lair of Beasts
  8093 | Lair:4   | Received a gift from Nemelex Xobeh
  8206 | Lair:4   | Reached XP level 15. HP: 94/132 MP: 24/24
  9010 | Lair:5   | Reached skill level 15 in Dodging
  9117 | Lair:5   | Found a viscous altar of Jiyva.
  9126 | Lair:5   | Found a staircase to the Slime Pits.
  9270 | Shoals:1 | Entered Level 1 of the Shoals
  9299 | Shoals:2 | Reached XP level 16. HP: 118/139 MP: 25/25
  9349 | Shoals:2 | Received a gift from Nemelex Xobeh
  9438 | Shoals:3 | Noticed Ilsuiw
  9451 | Shoals:3 | Killed Ilsuiw
  9479 | Shoals:3 | Received a gift from Nemelex Xobeh
  9604 | Shoals:3 | Found Quusch's Book Boutique.
  9700 | Shoals:3 | Found Fuishr Ecler's Armour Emporium.
  9704 | Shoals:3 | Found Tampot's Antique Weapon Shop.
  9712 | Shoals:3 | Noticed Jorgrun
  9722 | Shoals:3 | Reached skill level 13 in Fighting
  9729 | Shoals:3 | Killed Jorgrun
  9797 | Shoals:3 | Found Defucs's Book Emporium.
  9840 | Shoals:3 | Bought a manual of Invocations for 1040 gold pieces
  9893 | Shoals:4 | Entered Level 4 of the Shoals
  9893 | Shoals:4 | Received a gift from Nemelex Xobeh
  9984 | Shoals:4 | Reached XP level 17. HP: 65/150 MP: 28/28
 10067 | Shoals:4 | Reached skill level 15 in Invocations
 10082 | Shoals:4 | Got a barnacled rune of Zot
 10180 | Shoals:4 | Reached ****** piety under Nemelex Xobeh
 10296 | Shoals:4 | Reached skill level 14 in Fighting
 10673 | Shoals:3 | Reached skill level 15 in Armour
 10865 | Shoals:2 | Gained mutation: You passively map a large area around you.
                  | [Meteoran growth]
 10865 | Shoals:2 | Reached XP level 18. HP: 85/160 MP: 32/32
 10867 | Shoals:2 | Identified a scroll of acquirement
 10867 | Shoals:2 | Acquired the +4 kite shield of Somewhere Else {Rampage rN+
                  | Str+3}
 11011 | Shoals:2 | Reached skill level 1 in Evocations
 11101 | Shoals:2 | Received a gift from Nemelex Xobeh
 11594 | Spider:1 | Entered Level 1 of the Spider Nest
 11605 | Spider:1 | Noticed Frances
 11612 | Spider:1 | Killed Frances
 11656 | Spider:1 | Gained mutation: You passively dampen the noise of your
                  | surroundings. [a shining eye]
 11881 | Spider:2 | Reached skill level 5 in Evocations
 12014 | Spider:2 | Acquired the amulet of Hoim {rElec Regen+}
 12254 | Spider:2 | Received a gift from Nemelex Xobeh
 12462 | Spider:3 | Reached XP level 19. HP: 135/167 MP: 1/33
 12531 | Spider:3 | Noticed Donald
 12553 | Spider:3 | Killed Donald
 12579 | Spider:4 | Entered Level 4 of the Spider Nest
 12840 | Spider:3 | Noticed Bai Suzhen
 12870 | Spider:3 | Killed Bai Suzhen
 12948 | Spider:3 | Identified the +11 mace "Issol" {freeze, Fly rN++ Str-5
                  | Int+3}
 13103 | Spider:4 | Identified the +1 dagger of Hanwad {flame, +Blink rF+ Int+4
                  | Dex+3}
 13187 | Spider:4 | Received a gift from Nemelex Xobeh
 13564 | Spider:4 | Reached skill level 15 in Fighting
 13756 | Spider:4 | Reached XP level 20. HP: 86/180 MP: 35/35
 13759 | Spider:4 | Got a gossamer rune of Zot
 14127 | Spider:1 | Glimpsed the power of Zot.
 14197 | Lair:1   | Received a gift from Nemelex Xobeh
 14229 | Lair:1   | Glimpsed the power of Zot.
 14346 | Orc:1    | Entered Level 1 of the Orcish Mines
 14422 | Orc:1    | Reached skill level 16 in Fighting
 14460 | Orc:2    | Entered Level 2 of the Orcish Mines
 14549 | Orc:2    | Found Bohaaxech's Book Shop.
 14550 | Orc:2    | Found a staircase to the Elven Halls.
 14550 | Orc:2    | Found Rydeijom's Jewellery Emporium.
 14669 | Elf:1    | Entered Level 1 of the Elven Halls
 14807 | Elf:1    | Found Hejo's Tremendous Tomes.
 15128 | Elf:1    | Received a gift from Nemelex Xobeh
 15281 | Elf:1    | Got the Papyrus of Summoned Assaults
 15533 | Elf:2    | Paralysed by an air elemental for 1 turns
 15669 | Elf:3    | Entered Level 3 of the Elven Halls
 15729 | Elf:2    | Found a runed translucent gate.
 15729 | Elf:2    | Found a runed translucent gate.
 15729 | Elf:2    | Found a runed translucent gate.
 15950 | Elf:3    | Found Anu Vuddaqith's Weapon Boutique.
 16000 | Elf:3    | Received a gift from Nemelex Xobeh
 16463 | Elf:1    | Glimpsed the power of Zot.
 16493 | Orc:2    | Found a runed translucent gate.
 16493 | Orc:2    | Found a runed translucent gate.
 16493 | Orc:2    | Found a runed translucent gate.
 16514 | Orc:2    | Found Woludi's Antique Armour Boutique.
 16544 | Orc:2    | Found Haseod's General Store.
 16596 | Orc:2    | Found Nagut's Antique Weapon Emporium.
 16748 | Orc:1    | Received a gift from Nemelex Xobeh
 16755 | Orc:1    | Found a transporter.
 16763 | Orc:1    | Found a transporter.
 16872 | Orc:1    | Reached XP level 21. HP: 147/188 MP: 36/36
 16880 | Orc:1    | Identified the +0 cloak "Surereag" {+Blink}
 17063 | Orc:2    | Noticed patfeehan111222's ghost (journeyman MiBe)
 17074 | Orc:2    | Bought a polished scale mail for 252 gold pieces
 17074 | Orc:2    | Identified the +1 scale mail "Yditoasuf" {rF+ Slay+3} (You
                  | bought it in a shop on level 2 of the Orcish Mines)
 17079 | Orc:2    | Bought a warped robe for 159 gold pieces
 17079 | Orc:2    | Identified the +2 robe of Imperfection {rCorr Archmagi}
                  | (You bought it in a shop on level 2 of the Orcish Mines)
 17153 | Orc:1    | Noticed Erica
 17167 | Orc:1    | Killed Erica
 17449 | D:13     | Reached skill level 10 in Evocations
 17520 | D:14     | Noticed Rupert
 17523 | D:14     | Killed Rupert
 17523 | D:14     | Noticed Nessos
 17536 | D:14     | Killed Nessos
 17543 | D:14     | Noticed Urug
 17557 | D:14     | Killed Urug
 17690 | D:14     | Found a gate to the Vaults.
 17822 | D:13     | Received a gift from Nemelex Xobeh
 17910 | D:13     | Found a frozen archway.
 18145 | D:15     | Entered Level 15 of the Dungeon
 18145 | D:15     | Found Xaits's Distillery.
 18217 | D:14     | Noticed Azrael
 18228 | D:14     | Killed Azrael
 18247 | D:14     | Received a gift from Nemelex Xobeh
 18418 | D:15     | Found a shadowy altar of Dithmenos.
 18551 | D:15     | Bought a potion of curing for 36 gold pieces
 18551 | D:15     | Bought a potion of haste for 120 gold pieces
 18551 | D:15     | Bought a potion of curing for 36 gold pieces
 18551 | D:15     | Bought a potion of curing for 36 gold pieces
 19072 | Vaults:1 | Entered Level 1 of the Vaults
 19091 | Vaults:1 | Received a gift from Nemelex Xobeh
 19225 | Vaults:1 | Found a crumbling gateway.
 19237 | Desolati | Entered the Desolation of Salt
 19330 | Desolati | Identified the ring of the Distant Future {rF+ rC++ AC+4
                  | Slay-5 Stlth+}
 19334 | Desolati | Received a gift from Nemelex Xobeh
 19368 | Desolati | Reached XP level 22. HP: 198/198 MP: 37/37
 19479 | Desolati | Found the +2 shield of Resistance {rF++ rC++ Will++}
 19483 | Desolati | Identified the +1 rapier of Wu Jian's Displeasure {elec,
                  | Fly MP+9 Str-2}
 19544 | Desolati | Identified the +9 long sword "Rulegg" {holy, Drain Str+4
                  | Stlth+}
 19545 | Desolati | Found the +3 Elemental Staff {rElec rF++ rC++ AC+5}
 19618 | Desolati | Identified the +8 chain mail of Wanouv {Str+2}
 19686 | Desolati | Identified the +10 ice dragon scales of Xumaq {rElec rF-
                  | rC++ Str+4 Int-4}
 19775 | Vaults:1 | Received a gift from Nemelex Xobeh
 19787 | Vaults:1 | Found Kisops's Magic Scroll Shop.
 19816 | Vaults:1 | Bought a scroll of fear for 64 gold pieces
 19816 | Vaults:1 | Bought a scroll of fear for 64 gold pieces
 19816 | Vaults:1 | Bought a scroll of fog for 64 gold pieces
 19926 | Vaults:1 | Reached skill level 17 in Fighting
 19941 | Vaults:1 | Received a gift from Nemelex Xobeh
 20048 | Vaults:2 | Received a gift from Nemelex Xobeh
 20739 | Vaults:4 | Reached XP level 23. HP: 186/200 MP: 38/38
 20903 | Vaults:5 | Entered Level 5 of the Vaults
 20903 | Vaults:5 | Received a gift from Nemelex Xobeh
 20908 | Vaults:5 | Reached skill level 18 in Fighting
 21269 | Vaults:5 | Identified the +1 trident of Adghojat {pain, Fragile rElec
                  | SInv}
 21291 | Vaults:5 | Identified the +6 morningstar of Gallantry {flame, rPois
                  | Dex+3}
 21315 | Vaults:5 | Noticed a golden dragon
 21319 | Vaults:5 | Reached XP level 24. HP: 125/216 MP: 38/38
 21320 | Vaults:5 | a golden dragon changed into an iron giant
 21330 | Vaults:5 | Got the Secrets of Apparitions
 21332 | Vaults:5 | Identified the -2 pair of boots of the Eternal Void {Dex+6}
 21339 | Vaults:5 | Identified the +1 short sword "Arbiter" {heavy, Str+2 Int-2
                  | SInv}
 21467 | Vaults:5 | Noticed a dread lich
 21488 | Vaults:5 | Killed a dread lich
 21563 | Vaults:5 | Noticed a golden dragon
 21585 | Vaults:5 | Killed a golden dragon
 21606 | Vaults:5 | Reached skill level 19 in Fighting
 21621 | Vaults:5 | Received a gift from Nemelex Xobeh
 21775 | Vaults:5 | Got a silver rune of Zot
 21834 | Vaults:5 | Noticed an ancient lich
 21873 | Vaults:5 | Killed an ancient lich
 21874 | Vaults:5 | Reached skill level 20 in Fighting
 21994 | Vaults:5 | Got The Advanced Guide to Mysterious Knowledge
 22376 | Vaults:4 | Reached XP level 25. HP: 206/232 MP: 38/38
 22438 | Vaults:3 | Found a staircase to the Crypt.
 22438 | Vaults:3 | Found an ancient bone altar of Kikubaaqudgha.
 22438 | Vaults:3 | Found a basalt altar of Yredelemnul.
 22448 | Crypt:1  | Entered Level 1 of the Crypt
 22488 | Crypt:1  | Received a gift from Nemelex Xobeh
 22583 | Crypt:1  | Got the Quarto of Virulence and the Quarry
 22590 | Crypt:1  | Noticed Margery
 22605 | Crypt:1  | Killed Margery
 22924 | Crypt:2  | Received a gift from Nemelex Xobeh
 23049 | Crypt:3  | Entered Level 3 of the Crypt
 23112 | Crypt:3  | Noticed Khufu
 23126 | Crypt:3  | Noticed Saint Roka
 23147 | Crypt:3  | Killed Khufu
 23238 | Crypt:2  | Received a gift from Nemelex Xobeh
 23391 | Crypt:3  | Noticed a royal mummy
 23426 | Crypt:3  | Found a staircase to the Tomb.
 23578 | Crypt:2  | Received a gift from Nemelex Xobeh
 23926 | Crypt:1  | Reached skill level 21 in Fighting
 24092 | Crypt:1  | Found a basalt altar of Yredelemnul.
 24748 | D:15     | Identified the +1 leather armour "Pafyrit" {Int+2 Dex+3}
 24854 | D:15     | Reached XP level 26. HP: 245/245 MP: 39/39
 24884 | D:15     | Found a staircase to the Depths.
 24893 | Depths:1 | Entered Level 1 of the Depths
 24893 | Depths:1 | Received a gift from Nemelex Xobeh
 24916 | Depths:2 | Reached skill level 22 in Fighting
 24935 | Depths:2 | Found a magical portal.
 24971 | WizLab   | Entered The Roulette of Golubria
 24971 | WizLab   | Found a transporter.
 24975 | WizLab   | Found a corrupted altar of Lugonu.
 25000 | WizLab   | Found a transporter.
 25023 | WizLab   | Found a transporter.
 25023 | WizLab   | Found a transporter.
 25032 | WizLab   | Found a transporter.
 25032 | WizLab   | Found a transporter.
 25068 | WizLab   | Found a transporter.
 25068 | WizLab   | Found a transporter.
 25092 | WizLab   | Found a transporter.
 25092 | WizLab   | Found a transporter.
 25120 | WizLab   | Found a transporter.
 25120 | WizLab   | Found a transporter.
 25157 | WizLab   | Found a transporter.
 25157 | WizLab   | Found a transporter.
 25190 | WizLab   | Found a transporter.
 25190 | WizLab   | Found a transporter.
 25213 | WizLab   | Got Golubria's Discourse on Portals
 25244 | WizLab   | Found a transporter.
 25244 | WizLab   | Found a transporter.
 25366 | Depths:2 | Found Ylyjadgh's Weapon Shop.
 25366 | Depths:2 | Found Buzxegof's Antique Weapon Boutique.
 25437 | Depths:2 | Reached skill level 23 in Fighting
 25599 | Depths:2 | Received a gift from Nemelex Xobeh
 25737 | Depths:2 | Found a one-way gate leading to the halls of Pandemonium.
 25849 | Depths:1 | Noticed the Enchantress
 25851 | Depths:1 | the Enchantress changed into the Enchantress the
                  | quicksilver ooze
 25851 | Depths:1 | Noticed the Enchantress
 25863 | Depths:1 | Killed the Enchantress the quicksilver ooze
 25892 | Depths:1 | Reached skill level 24 in Fighting
 25954 | Depths:1 | Found a broken altar of Ashenzari.
 25955 | Depths:1 | Received a gift from Nemelex Xobeh
 26031 | Depths:1 | Noticed Nikola
 26081 | Depths:1 | Killed Nikola
 26127 | Depths:1 | Found a gateway to Hell.
 26173 | Depths:1 | Reached XP level 27. HP: 219/264 MP: 39/39
 26571 | Depths:4 | Entered Level 4 of the Depths
 26778 | Depths:3 | Found a one-way gateway to a ziggurat.
 26916 | Depths:4 | Received a gift from Nemelex Xobeh
 26935 | Depths:4 | Reached skill level 25 in Fighting
 26997 | Depths:4 | Found a gate to the Realm of Zot.
 27277 | Depths:4 | Received a gift from Nemelex Xobeh
 27349 | Depths:4 | Found Ynadic's Book Emporium.
 27350 | Depths:4 | Found Tumog's Jewellery Shop.
 27351 | Depths:4 | Found Vorrimp's Book Emporium.
 27436 | Zot:1    | Entered Level 1 of the Realm of Zot
 27439 | Zot:1    | Noticed an orb of fire
 27453 | Zot:1    | Gained mutation: A frigid envelope surrounds you and
                  | freezes all who hurt you. [an orb of fire]
 27461 | Zot:1    | Gained mutation: Armour fits poorly on your strangely
                  | shaped body. [an orb of fire]
 27461 | Zot:1    | Killed an orb of fire
 27543 | Zot:1    | Found a transporter.
 27555 | Zot:1    | Noticed an orb of fire
 27561 | Zot:1    | Gained mutation: You are vulnerable to cold. (rC-) [an orb
                  | of fire]
 27569 | Zot:1    | Killed an orb of fire
 27706 | Zot:2    | Received a gift from Nemelex Xobeh
 27968 | Zot:4    | Noticed a Killer Klown
 27982 | Zot:4    | Killed a Killer Klown
 28095 | Zot:5    | Entered Level 5 of the Realm of Zot
 28102 | Zot:5    | Reached skill level 26 in Fighting
 28167 | Zot:5    | Received a gift from Nemelex Xobeh
 28182 | Zot:4    | Noticed a curse toe
 28214 | Zot:5    | Noticed Zenkrye's ghost (veteran HuCA)
 28215 | Zot:5    | Found a runed translucent door.
 28283 | Zot:5    | Noticed an orb of fire
 28307 | Zot:5    | Killed an orb of fire
 28483 | Zot:5    | Noticed an ancient lich
 28487 | Zot:5    | Noticed an orb of fire
 28490 | Zot:5    | Noticed a Killer Klown
 28496 | Zot:5    | Noticed a Killer Klown
 28497 | Zot:5    | Noticed a Killer Klown
 28498 | Zot:5    | Killed an ancient lich
 28508 | Zot:5    | Noticed a dread lich
 28510 | Zot:5    | Noticed an orb of fire
 28514 | Zot:5    | Gained mutation: Your mind is acute. (Int +4, Str/Dex -1)
                  | [an orb of fire]
 28516 | Zot:5    | Noticed an orb of fire
 28518 | Zot:5    | a Killer Klown changed into an iron dragon
 28518 | Zot:5    | a Killer Klown changed into a stone giant
 28518 | Zot:5    | a Killer Klown changed into a rockslime
 28522 | Zot:5    | Gained mutation: You are weak. (Str -2) [an orb of fire]
 28524 | Zot:5    | Killed a dread lich
 28525 | Zot:5    | Noticed a dread lich
 28526 | Zot:5    | Killed an orb of fire
 28530 | Zot:5    | Reached skill level 27 in Fighting
 28575 | Zot:4    | Killed an orb of fire
 28712 | Zot:4    | Killed a curse toe
 28869 | Zot:5    | Killed a dread lich
 28964 | Zot:5    | Gained mutation: Your magical capacity is low. (-10% MP)
                  | [an orb of fire]
 28978 | Zot:5    | Lost mutation: Armour fits poorly on your strangely shaped
                  | body. [an orb of fire]
 28983 | Zot:5    | Killed an orb of fire
 29054 | Zot:5    | Noticed a Killer Klown
 29054 | Zot:5    | Noticed an orb of fire
 29054 | Zot:5    | Noticed a dread lich
 29058 | Zot:5    | Got the Orb of Zot
 29079 | Zot:4    | Noticed a curse toe
 29082 | Zot:4    | Noticed a Killer Klown
 29177 | Zot:3    | Noticed Gothuotaibb the pandemonium lord
 29194 | Zot:3    | Killed Gothuotaibb the pandemonium lord
 29479 | D:15     | Noticed Ijiuwk the pandemonium lord
 29568 | D:11     | Noticed Hemozam the pandemonium lord
 29624 | D:9      | Noticed Ineolubb the pandemonium lord
 29890 | D:3      | Found a white marble altar of Elyvilon.
 29930 | D:2      | Noticed Niyf the pandemonium lord
 30016 | D:$      | Escaped with the Orb!

Illustrated notes

Levels and vault maps discovered:
D:1:      dpeg_arrival_rhombus, layout_basic, serial_shops,
          nicolae_lakefront_shop, chequers_serial_rivers_room_b
D:2:      layout_loops_cross, uniq_jessica
D:3:      minmay_inner_zag, layout_loops_cross, nicolae_elyvilon_peaceful_grove
D:4:      layout_basic, mainiacjoe_overflow_concentric_impassable,
          jmf_multi_god_temple, lemuel_round_altar, temple_green
D:5:      layout_basic, nicolae_tso_swordbearing_angel,
          mainiacjoe_overflow_swirl
D:6:      layout_basic, mainiacjoe_overflow_catwalk, serial_shops, shop,
          nicolae_diamond_shop, kennysheep_mini, shop, serial_rivers,
          chequers_serial_rivers_small_3, chequers_serial_rivers_micro_d,
          chequers_serial_rivers_marsh, chequers_serial_rivers_large_a,
          water_maze_lemuel
D:7:      layout_rooms, uniq_prince_ribbit1, uniq_joseph, uniq_duvessa
D:8:      layout_rooms, gammafunk_ghost_cemetery, nicolae_blasting_shop,
          hellmonk_bongcloud_opening, uniq_grum
D:9:      layout_stronghold, minmay_orc_entry_guard_dogs,
          minmay_increasing_density
D:10:     layout_basic, mainiacjoe_overflow_tiny_flanked, lair_entry_dummy,
          serial_curves, eino_curves_04, eino_curves_03
D:11:     layout_grid_maze, serial_demonic, serial_demonic_e, serial_demonic_e,
          serial_demonic_c, serial_demonic_f, nzn_life_drinkers
D:12:     layout_long_grid
D:13:     layout_stronghold, portal_ice_cave_entry_ice_simulacra,
          serial_column_ruins, column_ruins_columns_straight,
          column_ruins_corridor_straight, column_ruins_grid_4,
          column_ruins_corridor_dead_end, column_ruins_grid_4,
          column_ruins_grid_4
D:14:     hangedman_screamer, layout_gridville, david_vaults_3,
          nicolae_wu_jian_wuxing_cycle, uniq_azrael
D:15:     gammafunk_enter_depths_forms, layout_gridville, serial_shops,
          shop_fountains, minmay_door_square, grunt_dithmenos_smoke_and_mirrors
Temple:   nicolae_temple_no_exploring_needed
Lair:1:   layout_cave_pods, grunt_megastairs_2, lemuel_fruit_fields
Lair:2:   layout_loops_ring, hellmonk_spider_entry_life_and_decay,
          serial_bayou_shore_b
Lair:3:   layout_gridlike, nicolae_shoals_entry_flooding, st_stairs_10
Lair:4:   layout_layer_cave, kilobyte_rumbling_trees, uniq_kirke, uniq_snorg
Lair:5:   minmay_lair_end_enchanted_forest, layout_regular_city,
          nicolae_slime_entry_field_trip, lemuel_fruit_fields,
          grunt_megastairs_3
Shoals:1: layout_shoals
Shoals:2: layout_shoals
Shoals:3: layout_shoals, serial_shops, shop, nicolae_take_the_stairs,
          nicolae_shop_overgrown_old_shop, shop, hangedman_shoals_cup_caves,
          uniq_ilsuiw, uniq_jorgrun, uniq_polyphemus
Shoals:4: shoals_end_simple, layout_shoals
Spider:1: layout_spider_delve, uniq_frances
Spider:2: layout_spider_delve, special_room [special_room_bee]
Spider:3: layout_spider_delve, uniq_bai_suzhen, uniq_donald
Spider:4: spider_rune_water, nicolae_spider_baby_got_redback
Orc:1:    gammafunk_beogh_shrine, layout_caves, basic_altar,
          nicolae_orc_sculptors_studio, uniq_erica
Orc:2:    grunt_orc_gardens, layout_diamond_mine, grunt_orc_garden,
          grunt_orc_garden, grunt_orc_garden, grunt_orc_garden, serial_shops,
          nicolae_shop_crystal, gammafunk_ghost_necromancy, mines2_lemuel
Elf:1:    eino_elf_arrival_sip, layout_loops_corners, minmay_elf_sorcery,
          nicolae_shop_i_like_big_books
Elf:2:    elven_hall_of_blades_hangedman_original [nooodl_blade_entry_preview],
          layout_geoelf_grid
Elf:3:    minmay_elf_hall, layout_gridlike, serial_shops, nicolae_square_shop
Vaults:1: portal_desolation_entry_ruin, v_alt_pattern_6, v_alt_pattern_1,
          nicolae_vaults_little_squares_6, v_misc_5, v_misc_22, v_misc_23,
          vaults_room_corners, nicolae_vaults_sealed_display,
          layout_vaults_chaotic_city, serial_shops, shop
Vaults:2: vaults_room_ringed_pool, vaults_room_grunt_arrival_ludios,
          ontoclasm_vaults_gateway, vaults_room_grid, ontoclasm_vaults_tryst,
          hangedman_vaults_restitches, nicolae_vaults_little_ls,
          nicolae_vaults_murderbox, nicolae_vaults_shelves_hall,
          layout_vaults_omnigrid, serial_shops, shop
Vaults:3: minmay_crypt_entry_necro_gods, hangedman_vaults_corner_blocks,
          nicolae_vaults_circle_grid_b, v_misc_15, hangedman_vaults_cutoff,
          grunt_vaults_funnel, nicolae_vaults_theta,
          nicolae_vaults_ninety_degrees, nicolae_vaults_little_squares_4,
          nicolae_vaults_alarming, vaults_room_door_ring, v_misc_30,
          vaults_room_pools, layout_vaults_omnicross
Vaults:4: nicolae_vaults_circle_grid_a, ontoclasm_vaults_idyll,
          nicolae_vaults_diagonal_hallway_9, v_pattern_4, v_misc_2,
          nicolae_vaults_what_the_h, vaults_room_large_hall,
          vaults_mumra_minichess_inversion, v_rooms_1, v_alt_pattern_1,
          v_misc_16, nicolae_vaults_network_barrier,
          nicolae_vaults_circle_grid_a, nicolae_vaults_little_squares_2,
          layout_vaults_maze_bifur, uniq_mennas
Vaults:5: serial_shops
Crypt:1:  layout_misc_corridors, hangedman_blasphemy,
          grunt_crypt_arrival_guarded_gate, grunt_megastairs_1, uniq_margery
Crypt:2:  layout_regular_city, nrook_guardian_serpent_ordinary
Crypt:3:  due_elkab, layout_chaotic_city, ebering_ghost_reflecting_pool,
          uniq_khufu, uniq_saint_roka
Depths:1: layout_basic, hell_entry, evilmike_ruin_ashenzari, pan_entry,
          marbit_kobold_abyss_entry, enter_trove_0, hangedman_aviary,
          uniq_nikola, uniq_enchantress
Depths:2: minmay_skeleton_keep, layout_gridlike, rand_demon_pan_entry_4,
          hell_entry, infiniplex_enter_wizlab_water, kennysheep_crisscross,
          evilmike_ambush [evilmike_ambush_outer_basic,
          evilmike_ambush_inner_pond], minmay_shoptagon
Depths:3: cheibrodos_birdhouse, layout_gridlike, enter_ziggurat_d, basic_altar,
          nicolae_abyss_entry_one_way_or_another, hell_entry,
          grunt_ministairs_2, minmay_fire_ice_demons,
          infiniplex_staircase_squiggle, serial_bayou_shore_b
Depths:4: grunt_twist_and_shout, layout_gridville, hell_entry,
          hangedman_abyss_or_decor_jellyfish_corner, drop_trap,
          serial_bayou_shore_b, minmay_shop_grove
Zot:1:    gammafunk_dig_for_victory, layout_gridville, grunt_ministairs_4
Zot:2:    layout_onion_interference, uniq_parghit, uniq_josephina
Zot:3:    layout_twisted_circle
Zot:4:    layout_misc_corridors, grunt_megastairs_4
Zot:5:    layout_concentric_octagons, hellmonk_ghost_happy_afterlife

Skill      XL: |  1  2  3  4  5  6  7  8  9 10 11 12 13 14 15 16 17 18 19 20 21 22 23 24 25 26 27 |
---------------+----------------------------------------------------------------------------------+-----
Ranged Weapons | 5 6 7 9 10 12 14 15 16 18 | 18.0
Fighting       | 3 4 5 7 8 10 11 12 13 14 15 16 17 18 20 21 24 27 | 27.0
Armour         | 2 4 5 9 10 11 14 15 17 18 19 20 21 22 23 26 | 26.0
Dodging        | 3 4 6 8 12 13 16 17 18 19 20 21 22 23 24 25 26 | 26.0
Invocations    | 3 4 8 11 13 18 19 20 21 22 | 22.0
Evocations     | 6 7 9 11 12 | 12.0
Stealth        | |  0.6

Action                     |  1- 3 |  4- 6 |  7- 9 | 10-12 | 13-15 | 16-18 | 19-21 | 22-24 | 25-27 || total
---------------------------+-------+-------+-------+-------+-------+-------+-------+-------+-------++-------
   Fire: Shortbow          |    72 |   127 |   157 |   538 |  1122 |  1371 |  1692 |       |       ||  5079
         Longbow           |       |       |       |       |       |       |   361 |  1429 |  2574 ||  4364
 Invoke: Draw Destruction  |       |       |     3 |    17 |    18 |    17 |    13 |    17 |    31 ||   116
         Draw Summoning    |       |       |     1 |     3 |       |    10 |     5 |     2 |     8 ||    29
         Draw Escape       |       |       |       |     2 |       |     1 |     1 |       |     6 ||    10
         Stack Five        |       |       |       |       |     1 |       |     1 |       |     1 ||     3
         Deal Four         |       |       |       |       |     2 |     7 |     1 |     3 |     9 ||    22
         Draw Stack        |       |       |       |       |       |     4 |     1 |     2 |     4 ||    11
  Evoke: Wand              |       |       |     1 |     9 |       |     8 |     5 |       |     6 ||    29
         Condenser vane    |       |       |       |       |     2 |     3 |     3 |     5 |     9 ||    22
         Tin of tremorston |       |       |       |       |       |     5 |     5 |     6 |     6 ||    22
         Box of beasts     |       |       |       |       |       |     1 |     1 |       |       ||     2
         Lightning rod     |       |       |       |       |       |       |       |     4 |       ||     4
         Phantom mirror    |       |       |       |       |       |       |       |       |     5 ||     5
         Phial of floods   |       |       |       |       |       |       |       |       |     1 ||     1
    Use: Scroll            |     4 |     4 |     8 |     6 |     6 |     7 |     4 |     2 |    10 ||    51
         Potion            |     1 |       |       |     6 |     2 |     4 |     5 |     7 |    13 ||    38
 Armour: Leather armour    |     9 |    29 |     3 |       |       |       |       |       |       ||    41
         Ring mail         |       |       |    23 |   193 |   303 |   380 |   548 |   261 |   136 ||  1844
         Acid dragon scale |       |       |       |       |       |       |       |       |   315 ||   315
  Dodge: Dodged            |    27 |    44 |    62 |   389 |   809 |  1404 |  2068 |  1661 |  2715 ||  9179
  Block: Other             |       |       |       |     8 |   179 |   259 |       |       |       ||   446
         Reflection        |       |       |       |       |     1 |    12 |       |       |       ||    13

Table legend: (Time is in decaauts)
 A = Elapsed time spent in this place.
 B = Non-inter-level travel time spent in this place.
 C = Inter-level travel time spent in this place.
 D = Time resting spent in this place.
 E = Time spent auto-exploring this place.
 F = Levels seen in this place.
 G = Mean time per level.
                   A        B        C        D        E       F      G
               +--------+--------+--------+--------+--------+-----+--------+
         Total |  28267 |  24960 |   3307 |    201 |    127 |  53 |  533.3 |
       Dungeon |   8962 |   7320 |   1642 |      6 |      0 |  15 |  597.5 |
        Temple |     18 |     10 |      8 |      0 |      0 |   1 |   18.0 |
          Lair |   2912 |   2608 |    304 |      0 |     97 |   5 |  582.4 |
        Shoals |   2175 |   2054 |    121 |      0 |      1 |   4 |  543.8 |
   Spider Nest |   2325 |   2282 |     43 |     22 |      0 |   4 |  581.2 |
  Orcish Mines |   1039 |    883 |    156 |      1 |      0 |   2 |  519.5 |
   Elven Halls |   1707 |   1443 |    264 |      0 |     29 |   3 |  569.0 |
        Vaults |   2897 |   2546 |    351 |      0 |      0 |   5 |  579.4 |
         Crypt |   1672 |   1562 |    110 |    100 |      0 |   3 |  557.3 |
        Depths |   2086 |   1819 |    267 |      1 |      0 |   4 |  521.5 |
           Zot |   1711 |   1674 |     37 |     70 |      0 |   5 |  342.2 |
        Wizlab |    274 |    274 |      0 |      0 |      0 |   1 |  274.0 |
    Desolation |    484 |    484 |      0 |      0 |      0 |   1 |  484.0 |
               +--------+--------+--------+--------+--------+-----+--------+

Top non-repeatable levels by time:
    D:10: 877 daAuts
Vaults:5: 868 daAuts
  Lair:5: 854 daAuts
   Elf:1: 839 daAuts
 Crypt:1: 829 daAuts
     D:9: 827 daAuts
Vaults:2: 766 daAuts
Depths:4: 762 daAuts
Spider:4: 721 daAuts
Shoals:3: 677 daAuts
   Zot:5: 670 daAuts
    D:15: 667 daAuts
Spider:3: 643 daAuts
Shoals:4: 643 daAuts
     D:3: 637 daAuts
